 Dungeon Crawl Stone Soup version 0.31-a0-472-g43a2ca8e1b (webtiles) character file.

Game seed: 14118608890061910546

5 GordonOverkill the Sneak (level 1, -1/16 HPs)
             Began as an Octopode Delver on Aug 6, 2023.
             Slain by a sky beast (4 damage)
             ... on level 7 of the Dungeon.
             The game lasted 00:00:42 (246 turns).

GordonOverkill the Sneak (Octopode Delver)           Turns: 246, Time: 00:00:43

Health: -1/16      AC:  1    Str: 11    XL:     1   Next: 80%
Magic:  1/1        EV: 13    Int: 12    God:
Gold:   8          SH:  0    Dex: 13    Spells: 0/0 levels left

rFire   . . .        a - +0 short sword
rCold   . . .        (no shield)
rNeg    . . .        (helmet restricted)
rPois   .            (no amulet)
rElec   .            (no ring)
rCorr   .            (no ring)
SInv    .            (no ring)
Will    .....        (no ring)
Stlth   ++++         (no ring)
HPRegen 0.22/turn    (no ring)
MPRegen 0.07/turn    (no ring)
                     (no ring)

%: no passive effects
@: no status effects
A: almost no armour, amphibious, 8 rings, camouflage 1, gelatinous body 1,
(nimble swimmer 1), tentacles
a: no special abilities


You were on level 7 of the Dungeon.
You visited 1 branch of the dungeon, and saw 3 of its levels.

You collected 8 gold pieces.

Inventory:

Hand Weapons
 a - a +0 short sword (weapon)
Wands
 f - a wand of digging (3)
Scrolls
 b - a scroll of fog
 c - a scroll of revelation
 d - a scroll of fear
Potions
 e - 2 potions of haste
 g - 2 potions of heal wounds {unknown}
 h - a potion of curing {unknown}


   Skills:
 - Level 3.1 Fighting
 + Level 2.1 Short Blades
 - Level 2.1 Dodging
 - Level 6.7 Stealth


You couldn't memorise any spells.
You didn't know any spells.
Your spell library was empty.

Dungeon Overview and Level Annotations

Branches:
Dungeon (7/15)             Temple (0/1) D:5

Altars:

Annotations:
D:6 exclusion: scorpion


Innate Abilities, Weirdness & Mutations

You cannot wear most types of armour.
You are amphibious.
You can wear up to eight rings at the same time.
Your skin changes colour to match your surroundings (Stealth+).
Your rubbery body absorbs attacks. (AC +1, EV +1)
((You are camouflaged when in or above water. (Stealth+)))
You have tentacles for arms and can constrict up to eight enemies at once.


Message History

You climb upwards.
There is a stone staircase leading down here. 3 gnolls come into view.
Found a stone staircase leading down.
There are monsters nearby!
There are monsters nearby!
Unknown command.
Found a staircase to the Ecumenical Temple.
The gnoll shouts!
Found a scroll labelled WEYX PUIMM.
An iguana comes into view.
There is a stone staircase leading down here.
You climb downwards.
Level annotation: exclusion: scorpion
Found a stone staircase leading down.
There is a stone staircase leading up here.
There is a stone staircase leading down here.
You climb downwards.
Found 8 gold pieces.
There is a stone staircase leading up here.
Found a robe.
You now have 8 gold pieces.
A sky beast and an orc come into view.
Found a leather armour.
The sky beast flickers out of sight!
Deactivating autopickup; reactivate with Ctrl-A.
A phantom comes into view.
Found 8 gold pieces and an arbalest.
A sky beast appears from thin air!
Reactivating autopickup.
An orc comes into view. It is wielding a +0 flail.
The sky beast flickers out of sight!
Deactivating autopickup; reactivate with Ctrl-A.
Something hits you. Something shocks you.
* * * LOW HITPOINT WARNING * * *
You miss something. You barely miss something. Something hits you.
* * * LOW HITPOINT WARNING * * *
Something shocks you.
* * * LOW HITPOINT WARNING * * *
You closely miss something. Something hits you.
You die...

##
##.###########
#.......<##@.#
#........{.##
# ##.......###
..#####....##
.W... ##..##
.$....##.##
.........#
....[...##
....o...)


There were no monsters in sight!

Vanquished Creatures
  An ufetubus (D:5)
1 creature vanquished.

Notes
Turn   | Place    | Note
-------+----------+-------------------------------------------
     0 | D:5      | GordonOverkill the Octopode Delver began the quest for the
                  | Orb.
     0 | D:5      | Reached XP level 1. HP: 16/16 MP: 1/1
   149 | D:6      | Noticed a scorpion
   215 | D:5      | Found a staircase to the Ecumenical Temple.
   221 | D:5      | Noticed an iguana
   234 | D:7      | Noticed a sky beast
   235 | D:7      | Noticed a phantom
   246 | D:7      | Slain by a sky beast

Illustrated notes

Levels and vault maps discovered:
D:5:      layout_cave_pools, mainiacjoe_overflow_alcove_4,
          minmay_temple_entry_statues_fountains, minmay_small_thing, uniq_pikel
D:6:      layout_loops_corners, mainiacjoe_overflow_concentric_impassable,
          uniq_menkaure, uniq_sigmund, uniq_duvessa
D:7:      layout_cave_pods, dreamdust_gnoll_shepherd

Action                     || total
---------------------------++-------
  Melee: Short sword       ||     7
         Constrict         ||     1
         Tentacles         ||     1
  Dodge: Dodged            ||     7

Table legend: (Time is in decaauts)
 A = Elapsed time spent in this place.
 B = Non-inter-level travel time spent in this place.
 C = Inter-level travel time spent in this place.
 D = Time resting spent in this place.
 E = Time spent auto-exploring this place.
 F = Levels seen in this place.
 G = Mean time per level.
                   A        B        C        D        E       F      G
               +--------+--------+--------+--------+--------+-----+--------+
         Total |    245 |    245 |      0 |    114 |     28 |   3 |   81.7 |
       Dungeon |    245 |    245 |      0 |    114 |     28 |   3 |   81.7 |
               +--------+--------+--------+--------+--------+-----+--------+

Top non-repeatable levels by time:
     D:5: 218 daAuts
     D:7: 17 daAuts
     D:6: 9 daAuts
